 Dungeon Crawl Stone Soup version 0.26-a0-18-g135ff06667 (webtiles) character file.

Game seed: 12789068965199836891, levelgen mode: deterministic

1267 Mrkan the Cudgeler (level 8, -3/51 HPs)
             Began as a Gargoyle Fighter on May 25, 2020.
             Was a Follower of Ashenzari.
             Slain by an ogre
             ... wielding a +0 giant club
              (14 damage)
             ... on level 6 of the Dungeon.
             The game lasted 00:06:53 (5363 turns).

Mrkan the Cudgeler (Gargoyle Fighter)               Turns: 5363, Time: 00:06:54

Health: -3/51      AC: 14    Str: 22    XL:     8   Next: 52%
Magic:  8/8        EV:  8    Int:  8    God:    Ashenzari [*.....]
Gold:   299        SH: 10    Dex: 10    Spells: 7/7 levels left

rFire    . . .     SeeInvis .   v - +2 whip (drain)
rCold    . . .     Gourm    .   c - +0 kite shield
rNeg     + . .     Faith    .   b - +0 scale mail
rPois    ∞         Spirit   .   (no helmet)
rElec    +         Reflect  .   (no cloak)
rCorr    .         Harm     .   u - +0 pair of gloves
MR       .....                  (no boots)
Stlth    ..........             (no amulet)
HPRegen  0.17/turn              (no ring)
MPRegen  0.11/turn              (no ring)

@: no status effects
A: negative energy resistance 1, electricity resistance, unbreathing,
petrification resistance, rot immunity, AC +5
a: Curse Item, Scrying, Renounce Religion


You were on level 6 of the Dungeon.
You worshipped Ashenzari.
Ashenzari was aware of your devotion.
You were not hungry.

You visited 1 branch of the dungeon, and saw 6 of its levels.

You collected 299 gold pieces.

Inventory:

Hand Weapons
 a - a +0 flail
 v - a +2 whip of draining (weapon)
Armour
 b - a +0 scale mail (worn)
 c - a +0 kite shield (worn)
 u - a +0 pair of gloves (worn)
Jewellery
 g - a +6 ring of dexterity
 t - an uncursed amulet of reflection
Wands
 z - a wand of polymorph (10)
Scrolls
 j - 6 scrolls of remove curse
 k - 6 scrolls of identify {unknown}
 l - 2 scrolls of teleportation {unknown}
 p - a scroll of random uselessness {unknown}
 q - 2 scrolls of fear {unknown}
 y - 3 scrolls of amnesia {unknown}
 A - 2 scrolls of fog {unknown}
 C - a scroll of vulnerability {unknown}
Potions
 d - a potion of might
 e - a potion of flight {unknown}
 h - 3 potions of stabbing {unknown}
 i - 2 potions of lignification {unknown}
 m - a potion of brilliance {unknown}
 n - a potion of ambrosia {unknown}
 o - 2 potions of heal wounds {unknown}
 r - a potion of degeneration {unknown}
 s - a potion of mutation {unknown}
 w - a potion of curing {unknown}
 x - a potion of magic {unknown}
Comestibles
 f - 9 rations


   Skills:
 + Level 5.9 Fighting
 * Level 6.6 Maces & Flails
 + Level 5.9 Armour
 + Level 5.9 Shields


You had 7 spell levels left.
You didn't know any spells.
Your spell library was empty.

Dungeon Overview and Level Annotations

Branches:
Dungeon (6/15)
 Temple: D:4-7

Altars:
Ashenzari
Dithmenos
Elyvilon
Fedhas
Makhleb
Trog
Xom


Innate Abilities, Weirdness & Mutations

You are resistant to torment.
Your stone body is resilient. (AC +5)
You are immune to poison.
You resist negative energy. (rN+)
You are resistant to electric shocks. (rElec)
You can survive without breathing.
You are immune to petrification.
You are immune to rotting.


Message History

The orc priest invokes the aid of Beogh against you.
Beogh smites you!
You hit the ogre. You drain the ogre.
The ogre is moderately wounded.
The ogre hits you but does no damage.
Your shield and scale mail prevent you from hitting the ogre.
The ogre is moderately wounded.
You closely miss the ogre.
The ogre is moderately wounded.
You block the ogre's attack.
You barely miss the ogre.
The ogre is moderately wounded.
You hit the ogre but do no damage.
The ogre is moderately wounded.
The ogre hits you with a +0 giant club!
* * * LOW HITPOINT WARNING * * *
You barely miss the ogre.
The ogre is moderately wounded.
The ogre hits you with a +0 giant club!
You die...

......... ####
.......
####....#
#..#...##
##..#<...##
###.........#
#....o.......#
##..#O#.......#
##.#@#...#.###
# ####.#### ##


You could see an ogre (drained) and an orc priest.

Vanquished Creatures
  Edmund (D:4)
  An orc warrior (D:5)
  An ice beast (D:5)
  2 phantoms
  A centaur (D:4)
  A scorpion (D:5)
  A howler monkey (D:5)
  5 crimson imps
  A jelly (D:5)
  2 orc priests
  2 hounds
  2 orc wizards (D:5)
  An iguana (D:4)
  3 worker ants
  4 adders
  An adder zombie (D:5)
  2 adder skeletons (D:5)
  A worm (D:4)
  3 leopard geckos
  9 orcs
  5 giant cockroaches
  8 goblins
  7 hobgoblins
  4 jackals (D:3)
  6 kobolds (D:1)
  3 quokkas
  2 ball pythons
  A ball python skeleton (D:3)
  7 bats
  7 frilled lizards
  2 rats
96 creatures vanquished.

Vanquished Creatures (others)
  A kobold (D:1)
1 creature vanquished.

Grand Total: 97 creatures vanquished

Notes
Turn   | Place    | Note
-------+----------+-------------------------------------------
     0 | D:1      | Mrkan the Gargoyle Fighter began the quest for the Orb.
     0 | D:1      | Reached XP level 1. HP: 14/14 MP: 1/1
   302 | D:1      | Reached XP level 2. HP: 19/19 MP: 2/2
   469 | D:1      | Found a shattered altar of Ashenzari.
   582 | D:1      | Became a worshipper of Ashenzari the Shackled
  1084 | D:2      | Reached XP level 3. HP: 23/23 MP: 3/3
  1138 | D:2      | Found a burning altar of Makhleb.
  1612 | D:3      | Found a white marble altar of Elyvilon.
  1912 | D:3      | Reached skill level 3 in Maces & Flails
  1912 | D:3      | Reached XP level 4. HP: 29/29 MP: 4/4
  2488 | D:4      | Reached XP level 5. HP: 19/33 MP: 5/5
  2628 | D:4      | Noticed a phantom
  2677 | D:4      | Killed a phantom
  2677 | D:4      | Reached skill level 4 in Maces & Flails
  2677 | D:4      | Reached XP level 6. HP: 23/38 MP: 6/6
  2964 | D:4      | Noticed Edmund
  2982 | D:4      | Killed Edmund
  3154 | D:4      | Reached XP level 7. HP: 23/44 MP: 7/7
  3332 | D:4      | Reached * piety under Ashenzari
  3349 | D:4      | Reached skill level 5 in Maces & Flails
  3375 | D:4      | Found a blossoming altar of Fedhas.
  3488 | D:4      | Found a shimmering altar of Xom.
  3544 | D:4      | Reached skill level 5 in Fighting
  3544 | D:4      | Reached skill level 5 in Armour
  3655 | D:4      | Reached skill level 5 in Shields
  3969 | D:5      | Entered Level 5 of the Dungeon
  4024 | D:5      | Found a bloodstained altar of Trog.
  4384 | D:5      | Reached XP level 8. HP: 42/50 MP: 8/8
  4495 | D:5      | Reached skill level 6 in Maces & Flails
  4628 | D:5      | Found a shadowy altar of Dithmenos.
  5363 | D:6      | Slain by an ogre

Illustrated notes

Levels and vault maps discovered:
D:1:      dpeg_arrival_rhombi, layout_loops_ring, serial_forest,
          infiniplex_forest_end_2, infiniplex_forest_lined_room_2,
          infiniplex_forest_lined_corner, infiniplex_forest_end_2,
          infiniplex_forest_lined_room_2, nrook_campfire,
          nicolae_ashenzari_panopticon
D:2:      minmay_wonky_spiral, layout_rooms, first_ration, lemuel_altar_in_water
D:3:      layout_loops_ring, st_stairs_1, chequers_serial_rivers_small_a,
          elyvilon_altar_4
D:4:      layout_basic, led_xom_imps, fedhas_bush_and_centaur_altar, uniq_edmund
D:5:      layout_loops_corners, nicolae_overflow_hidden_temple,
          nicolae_dithmenos_the_darkroom
D:6:      layout_cave_pools, minmay_stone_trees_small, solitary_fountain

Skill      XL: |  1  2  3  4  5  6  7  8 |
---------------+-------------------------+-----
Maces & Flails | 3 4 5 6 |  6.6
Armour         | 4 5 |  5.9
Fighting       | 4 5 |  5.9
Shields        | 4 5 |  5.9

Action                   |  1- 3 |  4- 6 |  7- 9 || total
-------------------------+-------+-------+-------++-------
Melee: Flail             |   102 |       |       ||   102
       Whip              |    31 |   112 |   303 ||   446
  Eat: Chunk             |     3 |     4 |     6 ||    13
       Ration            |       |       |     1 ||     1
Armor: Scale mail        |    83 |    37 |   100 ||   220
Dodge: Dodged            |    42 |    26 |    54 ||   122
Block: Kite shield       |    80 |    44 |    98 ||   222

Table legend:
 A = Non-vault XP
 B = Vault XP
 C = Vault XP percentage of total XP
 D = Non-vault monster count
 E = Vault monster count
 F = Vault count percentage of total count
                 A         B        C        D         E       F
            +---------+---------+-------+---------+---------+-------
      Total |    1301 |     509 |  28.1 |      85 |      11 |  11.5
            +---------+---------+-------+---------+---------+-------
        D:1 |      26 |       0 |   0.0 |      18 |       0 |   0.0
        D:2 |      14 |      15 |  51.7 |       9 |       2 |  18.2
        D:3 |     100 |       5 |   4.8 |      23 |       3 |  11.5
        D:4 |     288 |     489 |  62.9 |      15 |       6 |  28.6
        D:5 |     839 |       0 |   0.0 |      19 |       0 |   0.0
        D:6 |      34 |       0 |   0.0 |       1 |       0 |   0.0
            +---------+---------+-------+---------+---------+-------
